[Event "Titled Tuesday Blitz April 12 Late 2022"]
[White "Nozdrachev, Leonid"]
[Black "Kazakouski, Valery"]
[WhiteFideId "24113433"]
[BlackFideId "13507443"]
[WhiteElo "2242"]
[BlackElo "2524"]
[Result "1/2-1/2"]
[Round "01"]
[TimeControl "180+1"]
[Date "2022.04.12"]
[WhiteClock "0:00:17"]
[BlackClock "0:00:11"]

1. e4 c5 2. Nf3 a6 3. c3 d5 4. exd5 Qxd5 5. d4 Bg4 6. Be2 Nf6 7. O-O e6 8. h3 Bh5 9. Be3 cxd4 10. cxd4 Nc6 11. Nc3 Qd6 12. Qb3 Qb4 13. Rfd1 Qxb3 14. axb3 Nb4 15. Bb5+ Kd8 16. g4 Bg6 17. d5 Nfxd5 18. Nxd5 Nxd5 19. Bc4 Be7 20. Bxd5 exd5 21. Rxd5+ Ke8 22. Re1 Rd8 23. Re5 f6 24. Re6 Bf7 25. Rb6 Bd5 26. Bc5 Rd7 27. Nd4 Kf7 28. Bxe7 Rxe7 29. Rxe7+ Kxe7 30. Nf5+ Kf7 31. Nd6+ Kg6 32. Nf5 Re8 33. Rd6 Bc6 34. Kh2 Re2 35. Kg3 Rxb2 36. Ne7+ Kf7 37. Nxc6 Rxb3+ 38. f3 bxc6 39. Rxc6 Ra3 40. Rc7+ Kg6 41. Ra7 Ra1 42. h4 h5 43. gxh5+ Kh6 44. Kg2 a5 45. Kh2 a4 46. Ra5 a3 47. Kg2 a2 48. Kh2 f5 49. Kg2 f4 50. Kh2 Kh7 51. Kg2 Kg8 52. Ra7 Kf8 53. Kh2 Ke8 54. Kg2 Kd8 55. Ra3 Ke7 56. Ra6 Kd7 57. Ra8 Ke6 58. Ra6+ Kd5 59. Ra5+ Kc4 60. Ra8 Kd4 61. Ra4+ Kd3 62. Ra3+ Kc4 63. Ra8 Kc5 64. Ra7 Kd6 65. Ra8 Ke6 66. Ra7 Kf6 67. Ra6+ Kf7 68. Ra7+ Kg8 69. Ra8+ Kh7 70. Ra6 Kg8 71. Ra7 Kf8 72. Ra8+ Ke7 73. Ra7+ Kd6 74. Ra6+ Kc7 75. Ra7+ Kb8 76. Ra3 Kb7 77. Ra4 Kb6 78. Ra8 Kb5 79. Ra7 Kc4 80. Ra8 1/2-1/2


[Site "https://www.chess.com"]

[Event "Titled Tuesday Blitz April 12 Late 2022"]
[White "Obrien, Matthew"]
[Black "Kosteniuk, Alexandra"]
[WhiteFideId "2059150"]
[BlackFideId "4128125"]
[WhiteElo "2311"]
[BlackElo "2469"]
[Result "1-0"]
[Round "01"]
[TimeControl "180+1"]
[Date "2022.04.13"]
[WhiteClock "0:00:47"]
[BlackClock "0:00:56"]

1. e4 c6 2. Nf3 d5 3. d3 Qc7 4. Nc3 Nf6 5. e5 Nfd7 6. d4 e6 7. Bd3 h6 8. O-O b5 9. Re1 Be7 10. a4 b4 11. Ne2 a5 12. Nf4 Ba6 13. Nh5 g6 14. Nf4 Bxd3 15. Qxd3 Nf8 16. Be3 Nbd7 17. c4 dxc4 18. Qxc4 Nb6 19. Qc2 g5 20. Nh5 Nd5 21. Rac1 Kd7 22. Nd2 Ng6 23. Ne4 Rhc8 24. g3 Qb6 25. Red1 Ke8 26. Nhf6+ Kf8 27. Nd7+ 1-0


[Site "https://www.chess.com"]

[Event "Titled Tuesday Blitz April 12 Late 2022"]
[White "Papp, Levente"]
[Black "Dahlgren, James Allen"]
[WhiteFideId "751243"]
[BlackFideId "22256873"]
[WhiteElo "2308"]
[BlackElo "2099"]
[Result "1-0"]
[Round "01"]
[TimeControl "180+1"]
[Date "2022.04.13"]
[WhiteClock "0:01:23"]
[BlackClock "0:00:25"]

1. c4 e6 2. e4 d5 3. exd5 exd5 4. d4 Nf6 5. Nc3 Bb4 6. Nf3 O-O 7. Be2 dxc4 8. O-O Bg4 9. Bg5 h6 10. Bh4 Bxc3 11. bxc3 b5 12. a4 c6 13. h3 Bh5 14. g4 Bg6 15. Ne5 Be4 16. Qd2 Nbd7 17. Nxd7 Qxd7 18. Bxf6 gxf6 19. Qxh6 f5 20. axb5 fxg4 21. hxg4 cxb5 22. Ra6 f6 23. f3 Bb7 24. Rxf6 Rxf6 25. Qxf6 Rf8 26. Qg5+ Qg7 27. Qxb5 1-0


[Site "https://www.chess.com"]

[Event "Titled Tuesday Blitz April 12 Late 2022"]
[White "Papp, Petra"]
[Black "Pakleza, Zbigniew"]
[WhiteFideId "739049"]
[BlackFideId "1119290"]
[WhiteElo "2259"]
[BlackElo "2467"]
[Result "0-1"]
[Round "01"]
[TimeControl "180+1"]
[Date "2022.04.13"]
[WhiteClock "0:00:07"]
[BlackClock "0:01:02"]

1. d4 d6 2. e4 Nf6 3. Nc3 c6 4. f4 Qb6 5. Nf3 Bg4 6. Be3 Qxb2 7. Na4 Qa3 8. c3 b5 9. e5 Nd5 10. Bd2 Qxa4 11. Qe2 e6 12. h3 Bxf3 13. Qxf3 Be7 14. Bd3 Nd7 15. O-O g6 16. f5 gxf5 17. Bxf5 exf5 18. Qxf5 O-O-O 19. Rfc1 dxe5 20. c4 bxc4 21. dxe5 Rhg8 22. e6 fxe6 23. Qxe6 Rg6 24. Qe4 N7b6 25. Rab1 c3 26. Qf5+ Kb7 27. Be1 Rxg2+ 28. Kh1 Qxa2 29. Qe4 Rh2+ 0-1


[Site "https://www.chess.com"]

[Event "Titled Tuesday Blitz April 12 Late 2022"]
[White "Petrovskyi, Vadym"]
[Black "Sanchez, Robert"]
[WhiteFideId "14165210"]
[BlackFideId "2034360"]
[WhiteElo "2400"]
[BlackElo "2375"]
[Result "1-0"]
[Round "01"]
[TimeControl "180+1"]
[Date "2022.04.13"]
[WhiteClock "0:01:39"]
[BlackClock "0:00:32"]

1. e4 e6 2. d4 d5 3. Nc3 Nf6 4. e5 Nfd7 5. f4 c5 6. Nf3 Nc6 7. Be3 Be7 8. Qd2 O-O 9. Be2 cxd4 10. Nxd4 a6 11. O-O Nxd4 12. Bxd4 Nc5 13. Qe3 Qc7 14. Rad1 b5 15. a3 Na4 16. Nxa4 bxa4 17. c3 Rb8 18. Rd2 f6 19. exf6 Bxf6 20. Bg4 Bxd4 21. cxd4 Rf6 22. Re2 Bd7 23. g3 Rb3 24. Rc1 Qb6 25. Qf2 h6 26. Rce1 Kh7 27. Rc1 Rd3 28. Rd2 Rxd2 29. Qxd2 Rf8 30. Rc5 Rc8 31. Qc2+ 1-0


[Site "https://www.chess.com"]

[Event "Titled Tuesday Blitz April 12 Late 2022"]
[White "Phillips, Rene"]
[Black "Kalavannan, Koby"]
[WhiteFideId "2056275"]
[BlackFideId "425753"]
[WhiteElo "2130"]
[BlackElo "1927"]
[Result "1/2-1/2"]
[Round "01"]
[TimeControl "180+1"]
[Date "2022.04.13"]
[WhiteClock "0:00:51"]
[BlackClock "0:00:15"]

1. d4 Nf6 2. Bf4 d5 3. e3 c5 4. c3 Nc6 5. Nf3 Bg4 6. Nbd2 e6 7. Qb3 Qb6 8. h3 Bxf3 9. Nxf3 Nd7 10. Be2 c4 11. Qc2 h6 12. O-O Nf6 13. Nd2 Qd8 14. b3 cxb3 15. axb3 Bd6 16. Bxd6 Qxd6 17. f4 O-O 18. Qd3 a6 19. Ra2 Rac8 20. e4 dxe4 21. Nxe4 Nxe4 22. Qxe4 Qd5 23. Qxd5 exd5 24. Rf3 Rfe8 25. Kf2 f5 26. Bd3 g6 27. Re2 Kf7 28. Rfe3 Rxe3 29. Rxe3 Na5 30. Bc2 b5 31. g4 fxg4 32. hxg4 Nb7 33. Ke2 Nd6 34. Kd2 Ne8 35. Re5 Rd8 36. f5 gxf5 37. Bxf5 Nf6 38. Be6+ Kg6 39. Bf5+ Kf7 40. Be6+ Kg7 41. Bf5 Rd6 42. Re7+ Kf8 43. Ra7 Rc6 44. Ra8+ Kg7 45. Ra7+ Kg8 46. Ra8+ Kg7 47. Ra7+ Kg8 48. Ra8+ Kg7 1/2-1/2


[Site "https://www.chess.com"]

[Event "Titled Tuesday Blitz April 12 Late 2022"]
[White "Pichot, Alan"]
[Black "Petrovic, Aleksa"]
[WhiteFideId "110973"]
[BlackFideId "967629"]
[WhiteElo "2579"]
[BlackElo "2198"]
[Result "1-0"]
[Round "01"]
[TimeControl "180+1"]
[Date "2022.04.12"]
[WhiteClock "0:01:47"]
[BlackClock "0:01:00"]

1. e4 c5 2. Nf3 e6 3. d4 cxd4 4. Nxd4 a6 5. g3 d5 6. Bg2 dxe4 7. Nc3 Nf6 8. O-O Nbd7 9. Nxe4 Nxe4 10. Bxe4 Nf6 11. Bg2 Bc5 12. Be3 Qb6 13. c3 e5 14. b4 Bf8 15. Re1 Bg4 16. Qb3 Qc7 17. h3 exd4 18. Bf4+ 1-0


[Site "https://www.chess.com"]

[Event "Titled Tuesday Blitz April 12 Late 2022"]
[White "Plazuelo Pascual, Juan"]
[Black "Quesada Perez, Yuniesky"]
[WhiteFideId "32059566"]
[BlackFideId "3504409"]
[WhiteElo "2359"]
[BlackElo "2622"]
[Result "1/2-1/2"]
[Round "01"]
[TimeControl "180+1"]
[Date "2022.04.12"]
[WhiteClock "0:01:36"]
[BlackClock "0:00:45"]

1. d4 d5 2. c4 c6 3. Nf3 Nf6 4. e3 e6 5. b3 Nbd7 6. Bd3 b6 7. Bb2 Bb7 8. O-O Bd6 9. Nbd2 O-O 10. Qe2 Qe7 11. Rac1 Ba3 12. Bxa3 Qxa3 13. Nb1 Qe7 14. cxd5 cxd5 15. Rc7 Rfb8 16. Rfc1 Ne8 17. R7c2 h6 18. Nc3 a6 19. Na4 Qd6 20. h3 Rd8 21. Ne5 Nxe5 22. dxe5 Qxe5 23. Nxb6 Ra7 24. Nc8 Ra8 25. Nb6 Ra7 26. Nc8 Ra8 27. Nb6 1/2-1/2


[Site "https://www.chess.com"]

[Event "Titled Tuesday Blitz April 12 Late 2022"]
[White "Plotnikov, Pavel"]
[Black "Naroditsky, Daniel"]
[WhiteFideId "4170342"]
[BlackFideId "2026961"]
[WhiteElo "2298"]
[BlackElo "2608"]
[Result "0-1"]
[Round "01"]
[TimeControl "180+1"]
[Date "2022.04.12"]
[WhiteClock "0:00:01"]
[BlackClock "0:00:02"]

1. e4 c5 2. c3 d5 3. exd5 Nf6 4. d4 cxd4 5. cxd4 Nxd5 6. Nf3 Nc6 7. Bc4 e6 8. Nc3 Nxc3 9. bxc3 Be7 10. O-O O-O 11. Qe2 b6 12. Rd1 Bb7 13. Bf4 Na5 14. Bd3 Rc8 15. Rac1 Qd5 16. c4 Qh5 17. d5 Ba3 18. Rc2 exd5 19. cxd5 Bxd5 20. Rxc8 Rxc8 21. Bxh7+ Qxh7 22. Rxd5 Qb1+ 23. Rd1 Qf5 24. g3 Bf8 25. Qe5 Qxe5 26. Nxe5 f6 27. Ng6 Bc5 28. h4 Nc6 29. Rd7 a5 30. h5 Nd4 31. h6 gxh6 32. Bd6 Nf5 33. g4 Bxd6 34. gxf5 Bc5 35. Kg2 Re8 36. Kf3 a4 37. Kg4 Bxf2 38. Kh5 Be3 39. Ne7+ Kf8 40. Ng6+ Kg8 41. Ne7+ Kf8 42. Nd5 Bg5 43. Kg6 Rc8 44. Rf7+ Ke8 45. Re7+ Kd8 46. Kf7 Rc2 47. Nxb6 Rc7 48. Rxc7 Kxc7 49. Nxa4 h5 50. Nb2 h4 51. Nd3 Be3 52. Ne1 h3 53. Nf3 Bd4 54. Ke6 Be5 0-1


[Site "https://www.chess.com"]

[Event "Titled Tuesday Blitz April 12 Late 2022"]
[White "Pourkashiyan, Atousa"]
[Black "Mirzoev, Azer"]
[WhiteFideId "12502014"]
[BlackFideId "13400304"]
[WhiteElo "2247"]
[BlackElo "2525"]
[Result "0-1"]
[Round "01"]
[TimeControl "180+1"]
[Date "2022.04.13"]
[WhiteClock "0:00:09"]
[BlackClock "0:00:06"]

1. e4 c5 2. Nf3 e6 3. d4 cxd4 4. Nxd4 a6 5. Nc3 b5 6. Bd3 Bb7 7. O-O b4 8. Na4 Nc6 9. Be3 Nf6 10. Nxc6 Bxc6 11. Nb6 Rb8 12. e5 Rxb6 13. Bxb6 Qxb6 14. exf6 gxf6 15. Qh5 f5 16. a3 a5 17. axb4 Bxb4 18. c3 Be7 19. Rfe1 Rg8 20. Bf1 Rg7 21. Qh6 Kf8 22. b4 axb4 23. cxb4 Qxb4 24. Reb1 Qd6 25. Rb3 Kg8 26. Rg3 Rxg3 27. hxg3 Bf8 28. Qh5 h6 29. Rd1 Qe5 30. Qh4 Kg7 31. Qc4 Bd5 32. Qc1 Be7 33. Bc4 Bc6 34. Qc2 Bc5 35. Be2 Be4 36. Qb3 d5 37. Bf3 Bd4 38. Bxe4 fxe4 39. Qb4 Ba7 40. Qb3 e3 41. fxe3 Bxe3+ 42. Kf1 Qxg3 43. Qc2 Qf4+ 44. Ke1 d4 45. Qe2 Qe5 46. Kf1 Qf5+ 47. Qf3 Qg5 48. Ke2 h5 49. Rh1 Qb5+ 50. Ke1 Qb1+ 51. Ke2 Qxh1 52. Qg3+ Kh7 53. Qc7 Qxg2+ 54. Kd3 Qf1+ 55. Ke4 Qf5# 0-1


[Site "https://www.chess.com"]

[Event "Titled Tuesday Blitz April 12 Late 2022"]
[White "Prado, Alexandra"]
[Black "Djokic, Mihailo"]
[WhiteFideId "3301346"]
[BlackFideId "976440"]
[WhiteElo "1678"]
[BlackElo "2202"]
[Result "0-1"]
[Round "01"]
[TimeControl "180+1"]
[Date "2022.04.13"]
[WhiteClock "0:00:02"]
[BlackClock "0:00:09"]

1. e4 c5 2. Nf3 d6 3. c3 Nf6 4. Be2 Nc6 5. d4 cxd4 6. cxd4 d5 7. e5 Ne4 8. O-O e6 9. Nc3 Nxc3 10. bxc3 Be7 11. Bd3 O-O 12. Bc2 g6 13. Bh6 Re8 14. Qd3 Bd7 15. g3 Rc8 16. h4 Bf8 17. Bg5 Qa5 18. h5 Qa6 19. hxg6 hxg6 20. Qd2 Na5 21. Bh6 Nc4 22. Qg5 Qa3 23. Bxg6 Qe7 24. Bxf7+ Kxf7 25. Qh5+ Kg8 26. Qg6+ Kh8 27. Ng5 Bg7 28. Nf7+ Qxf7 29. Qxf7 Bxh6 30. Qf6+ Bg7 31. Qh4+ Kg8 32. Kg2 Rf8 33. Rh1 Rf7 34. Qh7+ Kf8 35. Qg6 Be8 36. Qxe6 Rd8 37. Rh7 Rdd7 38. Rah1 Rde7 39. Qg6 Rxf2+ 40. Kxf2 Bxg6 0-1


[Site "https://www.chess.com"]

[Event "Titled Tuesday Blitz April 12 Late 2022"]
[White "Pranav, V"]
[Black "Song, Michael"]
[WhiteFideId "25060783"]
[BlackFideId "2613190"]
[WhiteElo "2349"]
[BlackElo "2274"]
[Result "1-0"]
[Round "01"]
[TimeControl "180+1"]
[Date "2022.04.12"]
[WhiteClock "0:00:28"]
[BlackClock "0:00:03"]

1. e4 e5 2. Nf3 Nf6 3. Nc3 Nc6 4. g3 Bc5 5. Bg2 O-O 6. d3 a6 7. O-O Re8 8. h3 h6 9. Nh4 Ne7 10. Kh2 d5 11. Qe2 g5 12. Nf3 d4 13. Nd1 Ng6 14. Nd2 Bf8 15. a4 Bg7 16. Nc4 Rb8 17. a5 Be6 18. b3 Nd7 19. Bf3 Nf6 20. Bg2 Nd7 21. Ba3 Bf8 22. Bxf8 Rxf8 23. Rb1 Qe7 24. c3 dxc3 25. Nxc3 Bxc4 26. bxc4 Nc5 27. Nd5 Qd6 28. Rbd1 c6 29. Ne3 Ne7 30. Qh5 Rbd8 31. Ng4 Kg7 32. f4 exf4 33. gxf4 gxf4 34. d4 Nd7 35. Bf3 Qg6 36. Qh4 Qg5 37. Qf2 Kh8 38. Rg1 Rg8 39. h4 Qg7 40. Qd2 Ng6 41. Qf2 Nf6 42. Ne5 Qf8 43. Nd3 Qe7 44. h5 Nh7 45. hxg6 fxg6 46. Nxf4 g5 47. Nh5 Rdf8 48. Qg3 g4 49. Bxg4 Ng5 50. Qe5+ Qxe5+ 51. dxe5 Nxe4 52. Rg2 Rg5 53. Rd7 Rxe5 54. Rxb7 Rg8 55. Bf3 Rxg2+ 56. Kxg2 Ng5 57. Nf6 1-0


[Site "https://www.chess.com"]

[Event "Titled Tuesday Blitz April 12 Late 2022"]
[White "Przybylski, Wojciech"]
[Black "Urazayev, Arystanbek"]
[WhiteFideId "1117599"]
[BlackFideId "13709810"]
[WhiteElo "2133"]
[BlackElo "2422"]
[Result "0-1"]
[Round "01"]
[TimeControl "180+1"]
[Date "2022.04.13"]
[WhiteClock "0:00:09"]
[BlackClock "0:01:08"]

1. e4 c5 2. Nf3 d6 3. Bb5+ Bd7 4. c4 g6 5. O-O Bg7 6. d4 cxd4 7. Nxd4 Nf6 8. Nc3 O-O 9. h3 a6 10. Bxd7 Nbxd7 11. Be3 Rc8 12. Qe2 Ne5 13. b3 b5 14. Nd5 bxc4 15. f4 Ned7 16. Nxf6+ Nxf6 17. e5 dxe5 18. fxe5 Nd5 19. Bf2 c3 20. e6 f5 21. Rfd1 Qa5 22. Rac1 Rfd8 23. Qf3 Qxa2 24. g4 c2 25. Re1 Rc3 26. Qe2 Nf4 27. Qd2 Nxh3+ 28. Kh2 Rdc8 29. gxf5 Nxf2 30. Qxf2 Bxd4 31. Qxd4 Qxb3 32. Qg4 R8c4 33. Qg5 Rh3+ 34. Kg2 Qf3+ 35. Kg1 Rh1# 0-1


[Site "https://www.chess.com"]

[Event "Titled Tuesday Blitz April 12 Late 2022"]
[White "Putri, Regita Desyari"]
[Black "Volkov, Maksim"]
[WhiteFideId "7109083"]
[BlackFideId "54123070"]
[WhiteElo "1930"]
[BlackElo "2081"]
[Result "0-1"]
[Round "01"]
[TimeControl "180+1"]
[Date "2022.04.13"]
[WhiteClock "0:00:09"]
[BlackClock "0:00:40"]

1. c4 e5 2. Nc3 Nc6 3. g3 g6 4. Bg2 Bg7 5. e3 d6 6. Nge2 Nge7 7. O-O O-O 8. b3 f5 9. d4 e4 10. a3 a5 11. Bb2 g5 12. Rb1 d5 13. c5 Be6 14. Ba1 Qd7 15. b4 axb4 16. axb4 Bf7 17. Qd2 Bh5 18. Rfc1 Ng6 19. Bf1 Kh8 20. Bh3 Qf7 21. Bg2 f4 22. exf4 gxf4 23. Nxf4 Nxf4 24. Qxf4 Qxf4 25. gxf4 Nxd4 26. Nxd5 Ne2+ 27. Kf1 Nxc1 28. Bxg7+ Kxg7 29. Rxc1 c6 30. Nc7 Ra4 31. Ne6+ Kf7 32. Nxf8 Kxf8 33. Bxe4 Rxb4 34. Bxh7 Rxf4 35. Bd3 Bg4 36. Kg2 Ke7 37. h3 Bc8 38. Kg3 Rb4 39. Rc3 Kf6 40. Be2 Kg5 41. Bf3 Rh4 42. Re3 Rxh3+ 43. Kg2 Rh8 44. Re7 Kf4 45. Rf7+ Ke5 46. Rg7 Kf4 47. Rf7+ Ke5 48. Rg7 Kd4 49. Rg5 Rf8 50. Kg3 Bf5 51. Rg7 Bc8 52. Rg4+ Bxg4 53. Bxg4 Kxc5 54. Bf3 b5 0-1


[Site "https://www.chess.com"]

[Event "Titled Tuesday Blitz April 12 Late 2022"]
[White "Quintiliano Pinto, Renato R."]
[Black "Pein, Jonathan"]
[WhiteFideId "2117568"]
[BlackFideId "417092"]
[WhiteElo "2439"]
[BlackElo "2140"]
[Result "1-0"]
[Round "01"]
[TimeControl "180+1"]
[Date "2022.04.13"]
[WhiteClock "0:00:32"]
[BlackClock "0:00:04"]

1. e4 g6 2. d4 Bg7 3. Nc3 c5 4. dxc5 Bxc3+ 5. bxc3 Nf6 6. Bd3 Qa5 7. Nf3 Qxc3+ 8. Bd2 Qxc5 9. O-O d6 10. Rb1 O-O 11. Re1 Nc6 12. Rb5 Qa3 13. e5 dxe5 14. Nxe5 Nxe5 15. Rbxe5 Be6 16. Qb1 Qxa2 17. Qxb7 Rfe8 18. Ra5 Rab8 19. Qxa7 Qb2 20. h3 Qb7 21. Qd4 Red8 22. Qh4 Bd5 23. Qg3 Nh5 24. Qg5 Nf6 25. Bc3 Qc7 26. Qe5 Qxe5 27. Bxe5 Ra8 28. Rxa8 Rxa8 29. f3 Rc8 30. Bd4 Bc4 31. Rxe7 Bxd3 32. cxd3 Nd5 33. Rd7 Nf4 34. Be5 Ne6 35. d4 Kf8 36. d5 Nc5 37. Bd6+ Kg7 38. Ra7 Nd3 39. Ra3 Rd8 40. Ra6 h5 41. h4 Nb2 42. Be5+ Kf8 43. Bxb2 Rxd5 44. Bf6 Ke8 45. Ra7 Rd1+ 46. Kh2 1-0


[Site "https://www.chess.com"]

[Event "Titled Tuesday Blitz April 12 Late 2022"]
[White "Raja Harshit"]
[Black "Lamaze, Simon"]
[WhiteFideId "5089000"]
[BlackFideId "36069264"]
[WhiteElo "2301"]
[BlackElo "1999"]
[Result "1-0"]
[Round "01"]
[TimeControl "180+1"]
[Date "2022.04.12"]
[WhiteClock "0:00:39"]
[BlackClock "0:00:09"]

1. e4 c5 2. Nf3 Nc6 3. Bb5 d6 4. O-O Bd7 5. Re1 Nf6 6. c3 a6 7. Bf1 Bg4 8. d4 cxd4 9. cxd4 e5 10. d5 Nd4 11. Be3 Nxf3+ 12. gxf3 Bd7 13. Nd2 b5 14. a4 Be7 15. axb5 axb5 16. Qb3 O-O 17. Rxa8 Qxa8 18. Rc1 Qb7 19. Ra1 Rb8 20. Ra7 Qc8 21. Qc3 Qxc3 22. bxc3 Kf8 23. c4 bxc4 24. Nxc4 Rb1 25. Ra8+ Ne8 26. Kg2 f5 27. Nb6 Bb5 28. Bxb5 Rxb5 29. Nc8 f4 30. Bd2 Rb7 31. Bc1 Kf7 32. Ba3 Rc7 33. Na7 Rc2 34. Nb5 Ra2 35. Ra7 Kf8 36. Bb4 Rxa7 37. Nxa7 Kf7 38. Nc8 Bf8 39. Kf1 Kg6 40. Ke2 Kh5 41. Kf1 Kh4 42. Kg2 g6 43. Nb6 Be7 44. Nc4 Bf6 45. Nxd6 Nxd6 46. Bxd6 1-0


[Site "https://www.chess.com"]

[Event "Titled Tuesday Blitz April 12 Late 2022"]
[White "Rangel, Daniel"]
[Black "Bazeev, German"]
[WhiteFideId "2124475"]
[BlackFideId "24119350"]
[WhiteElo "2225"]
[BlackElo "2493"]
[Result "0-1"]
[Round "01"]
[TimeControl "180+1"]
[Date "2022.04.13"]
[WhiteClock "0:00:10"]
[BlackClock "0:00:08"]

1. b3 e5 2. Bb2 e4 3. e3 d5 4. d3 Nf6 5. Nd2 Bf5 6. dxe4 Nxe4 7. Nxe4 Bxe4 8. Bd3 Bb4+ 9. c3 Bd6 10. Bxe4 dxe4 11. Ne2 Nc6 12. Ng3 Bxg3 13. hxg3 Ne5 14. Kf1 Nd3 15. Ba3 Qf6 16. Qc2 O-O-O 17. Kg1 h5 18. Rh4 Qf5 19. c4 g5 20. Rh3 g4 21. Rh4 Qe5 22. Rb1 f5 23. Bb2 Nxb2 24. Qxb2 Qxb2 25. Rxb2 Rd1+ 26. Kh2 Kd7 27. Rc2 Ke6 28. f3 exf3 29. gxf3 Kf6 30. fxg4 fxg4 31. Rf2+ Kg6 32. Kg2 Re8 33. Re2 Red8 34. Rh1 R8d2 35. Re1 Kf5 36. Kf2 Rxe2+ 37. Kxe2 Rxe1+ 38. Kxe1 Ke4 39. Ke2 c5 40. a3 b6 41. b4 a6 42. b5 axb5 43. cxb5 c4 44. a4 h4 45. gxh4 c3 46. a5 c2 47. Kd2 g3 48. a6 c1=Q+ 49. Kxc1 g2 50. Kc2 g1=Q 51. a7 Qg8 52. Kc3 Qa8 53. Kb4 Qxa7 0-1


[Site "https://www.chess.com"]

[Event "Titled Tuesday Blitz April 12 Late 2022"]
[White "Rasulov, Vugar"]
[Black "Mortazavi, Ali"]
[WhiteFideId "13402390"]
[BlackFideId "401323"]
[WhiteElo "2560"]
[BlackElo "2339"]
[Result "1-0"]
[Round "01"]
[TimeControl "180+1"]
[Date "2022.04.12"]
[WhiteClock "0:02:12"]
[BlackClock "0:01:11"]

1. d4 Nf6 2. c4 g6 3. Nc3 Bg7 4. e4 O-O 5. f3 d6 6. Be3 a6 7. Qd2 Nc6 8. Nge2 b5 9. h4 h5 10. O-O-O Na5 11. Nf4 bxc4 12. g4 Bxg4 13. fxg4 Nxg4 14. Be2 Nxe3 15. Qxe3 e5 16. dxe5 Bxe5 17. Rdg1 Qf6 18. Nxh5 Qh8 19. Nf4 Bd4 20. Qg3 Bxg1 21. Rxg1 Qh6 22. h5 g5 23. Qxg5+ Qxg5 24. Rxg5+ Kh8 25. Rxa5 Rg8 26. Kd2 Rab8 27. Kc2 c6 28. Bxc4 Rg4 29. Rf5 d5 30. exd5 cxd5 31. Bxd5 Rb4 32. Nd3 Rb7 33. Bxb7 1-0


[Site "https://www.chess.com"]

[Event "Titled Tuesday Blitz April 12 Late 2022"]
[White "Riff, Vincent"]
[Black "Fajdetic, Hrvoje"]
[WhiteFideId "617776"]
[BlackFideId "14501945"]
[WhiteElo "2377"]
[BlackElo "2172"]
[Result "1-0"]
[Round "01"]
[TimeControl "180+1"]
[Date "2022.04.13"]
[WhiteClock "0:01:15"]
[BlackClock "0:00:04"]

1. e4 e6 2. d4 d5 3. Nd2 dxe4 4. Nxe4 Nd7 5. Bd3 Ngf6 6. Qe2 Be7 7. Nf3 Nxe4 8. Bxe4 c5 9. O-O cxd4 10. Nxd4 O-O 11. Rd1 Qa5 12. c3 Nf6 13. Bc2 Qh5 14. Qxh5 Nxh5 15. Nb5 a6 16. Nd6 Rd8 17. Nxc8 Raxc8 18. Be3 Nf6 19. Bb6 Rxd1+ 20. Rxd1 Nd5 21. Bd4 Bf6 22. f3 Kf8 23. Bf2 b5 24. Be4 Rd8 25. a4 g6 26. axb5 axb5 27. Ra1 b4 28. c4 Nf4 29. Be3 Bxb2 30. Rb1 Bd4 31. Bxd4 Rxd4 32. Rxb4 f5 33. Bc2 Rd2 34. Ba4 Rxg2+ 35. Kf1 Rxh2 36. c5 Nd3 37. Rb8+ Ke7 38. c6 Rf2+ 39. Kg1 1-0


[Site "https://www.chess.com"]

[Event "Titled Tuesday Blitz April 12 Late 2022"]
[White "Ronka, Erik"]
[Black "Bryakin, Mikhail"]
[WhiteFideId "505080"]
[BlackFideId "4165314"]
[WhiteElo "2264"]
[BlackElo "2417"]
[Result "0-1"]
[Round "01"]
[TimeControl "180+1"]
[Date "2022.04.12"]
[WhiteClock "0:00:02"]
[BlackClock "0:00:10"]

1. d4 Nf6 2. Nf3 g6 3. g3 Bg7 4. Bg2 O-O 5. O-O d6 6. b3 Nbd7 7. Bb2 c6 8. Re1 Qc7 9. e4 e5 10. Nc3 Re8 11. Qd2 a6 12. a4 b6 13. Ba3 Bb7 14. Rad1 Rad8 15. Qc1 b5 16. dxe5 dxe5 17. Bd6 Qc8 18. Qa3 Bf8 19. Bh3 Bxd6 20. Rxd6 Qc7 21. Red1 Kg7 22. b4 Nb6 23. Rxd8 Rxd8 24. Rxd8 Qxd8 25. axb5 cxb5 26. Nxe5 Qe7 27. f4 h5 28. Qc1 Qxb4 29. Qe3 Nc4 30. Nxc4 Qxc4 31. Bg2 b4 32. Nd5 Bxd5 33. exd5 Qxc2 34. h3 Qd1+ 35. Kh2 b3 36. Qc3 a5 37. d6 a4 38. Qb4 b2 39. Qxb2 Qxd6 40. Qa2 a3 41. Qf2 Qb4 42. f5 Qb2 43. Qa7 gxf5 44. Qa5 a2 45. Qxf5 a1=Q 46. Qg5+ Kh7 47. Qf5+ Kg7 48. Qg5+ Kf8 49. Qh6+ Ke7 50. Qe3+ Qe5 51. Qa7+ Qxa7 0-1


[Site "https://www.chess.com"]

[Event "Titled Tuesday Blitz April 12 Late 2022"]
[White "Rytenko, Vsevolod"]
[Black "Winkels, Marcel"]
[WhiteFideId "14133040"]
[BlackFideId "1003887"]
[WhiteElo "2120"]
[BlackElo "1900"]
[Result "1-0"]
[Round "01"]
[TimeControl "180+1"]
[Date "2022.04.13"]
[WhiteClock "0:02:52"]
[BlackClock "0:02:07"]

1. d4 Nf6 2. c4 c5 3. d5 b5 4. Qc2 bxc4 5. e4 c3 6. Nxc3 d6 7. f4 g6 8. Nf3 Bg7 9. e5 dxe5 10. fxe5 Nxd5 11. Bb5+ Kf8 12. O-O Nxc3 13. bxc3 Qc7 14. Bc4 e6 15. Ng5 Bb7 16. Nxe6+ 1-0


[Site "https://www.chess.com"]

[Event "Titled Tuesday Blitz April 12 Late 2022"]
[White "Sailer, Mike"]
[Black "Romanchuk, Viktor"]
[WhiteFideId "2012901"]
[BlackFideId "14109271"]
[WhiteElo "2109"]
[BlackElo "2242"]
[Result "0-1"]
[Round "01"]
[TimeControl "180+1"]
[Date "2022.04.13"]
[WhiteClock "0:01:49"]
[BlackClock "0:01:42"]

1. d4 d5 2. Nf3 Nf6 3. Bf4 c5 4. e3 Nc6 5. Nc3 cxd4 6. exd4 a6 7. h3 Bf5 8. a3 e6 9. Be2 Be7 10. O-O O-O 11. Ne5 Rc8 12. Re1 Qb6 13. Nxc6 Rxc6 14. Na4 Qa7 15. c3 b5 16. Nc5 Bxc5 17. dxc5 Qxc5 18. a4 b4 19. Be3 Qe7 20. cxb4 Qxb4 21. Bd4 Bc2 0-1


[Site "https://www.chess.com"]

[Event "Titled Tuesday Blitz April 12 Late 2022"]
[White "Samarth, J Rao"]
[Black "Sokolovsky, Yahli"]
[WhiteFideId "46652370"]
[BlackFideId "2820242"]
[WhiteElo "1514"]
[BlackElo "1770"]
[Result "0-1"]
[Round "01"]
[TimeControl "180+1"]
[Date "2022.04.13"]
[WhiteClock "0:00:02"]
[BlackClock "0:00:06"]

1. c4 d6 2. d4 e5 3. Nf3 e4 4. Nfd2 f5 5. g3 Nf6 6. Bg2 Be7 7. O-O c6 8. d5 c5 9. f3 exf3 10. exf3 O-O 11. f4 Nbd7 12. Nf3 Ne4 13. Nbd2 Ndf6 14. Qc2 Qb6 15. Re1 Re8 16. Nxe4 Nxe4 17. Ng5 Nxg5 18. fxg5 Bd7 19. h4 g6 20. b3 Bf8 21. Bb2 Qd8 22. Qc3 Kf7 23. Qh8 Re5 24. Bxe5 dxe5 25. Qxe5 Bg7 26. Qd6 Bf8 27. Qf4 Bg7 28. Rad1 Qa5 29. d6 Re8 30. Bd5+ Kf8 31. Re7 Rxe7 32. dxe7+ Kxe7 33. Qe3+ Kf8 34. Qf4 Bd4+ 35. Kg2 Qxa2+ 36. Rd2 Qb1 37. Qd6+ Ke8 38. Re2+ Kd8 39. Qe7+ Kc8 40. Bxb7+ Kc7 41. Re1 Qxb3 42. Bd5 Qc2+ 43. Qe2 Qxe2+ 44. Rxe2 a5 45. Bg8 a4 46. Bxh7 a3 47. Bxg6 Bb2 48. g4 a2 49. Re1 fxg4 50. h5 a1=Q 51. Rxa1 Bxa1 52. h6 Kd6 53. Bf7 Ke7 54. g6 Kf8 55. Bd5 Be5 56. g7+ Bxg7 57. hxg7+ Kxg7 58. Kg3 Kf6 59. Ba8 Ke5 60. Bd5 Kd4 61. Bg8 Bf5 62. Bd5 Be4 63. Bg8 Bf3 64. Be6 Be2 65. Bc8 Bd1 66. Kf2 Kxc4 67. Ke1 Bf3 68. Kd2 Kd4 69. Bf5 g3 70. Bh3 g2 0-1


[Site "https://www.chess.com"]